 Dungeon Crawl Stone Soup version 0.28.0-53-g5a82cb258f (webtiles) character file.

Game seed: 869856342588407318

338 ILmort the Cleaver (level 6, 0/56 HPs)
             Began as a Hill Orc Fighter on Aug 15, 2022.
             Slain by a steam dragon (5 damage)
             ... on level 4 of the Dungeon.
             The game lasted 00:06:11 (3233 turns).

ILmort the Cleaver (Hill Orc Fighter)               Turns: 3233, Time: 00:06:12

Health: 0/56       AC:  8    Str: 21    XL:     6   Next: 55%
Magic:  6/6        EV:  9    Int:  8    God:
Gold:   27         SH:  4    Dex: 10    Spells: 5/5 levels left

rFire   . . .      SeeInvis .   a - +0 war axe
rCold   + . .      Faith    .   c - +0 buckler
rNeg    . . .      Spirit   .   b - +0 scale mail
rPois   .          Reflect  .   (no helmet)
rElec   .          Harm     .   l - +0 cloak
rCorr   .          Rampage  .   (no gloves)
Will    .....                   (no boots)
Stlth   ..........              (no amulet)
HPRegen 0.18/turn               p - ring of protection from cold
MPRegen 0.10/turn               (no ring)

@: no status effects
A: no striking features
a: no special abilities


You were on level 4 of the Dungeon.
You visited 1 branch of the dungeon, and saw 4 of its levels.

You collected 53 gold pieces.
You spent 26 gold pieces at shops.

Inventory:

Hand Weapons
 a - a +0 war axe (weapon)
Armour
 b - a +0 scale mail (worn)
 c - a +0 buckler (worn)
 l - a +0 cloak (worn)
Jewellery
 p - a ring of protection from cold (left hand)
Scrolls
 f - a scroll of immolation {unknown}
 i - a scroll of summoning {unknown}
 j - a scroll of identify
 k - a scroll of noise {unknown}
 m - a scroll of torment {unknown}
 n - a scroll of fog {unknown}
Potions
 d - a potion of might
 e - a potion of ambrosia
 g - a potion of attraction
 h - a potion of cancellation
 o - a potion of curing
 q - a potion of haste


   Skills:
 + Level 5.1 Fighting
 + Level 8.0 Axes
 - Level 3.2 Armour
 - Level 3.2 Shields


You had 5 spell levels left.
You didn't know any spells.
Your spell library contained the following spells:

 Spells                   Type           Power      Damage    Failure   Level
 Sandblast                Erth           0%         2d4       83%         1
 Passwall                 Tmut/Erth      0%         N/A       93%         2
 Stone Arrow              Conj/Erth      0%         3d7       99%         3


Dungeon Overview and Level Annotations

Branches:
Dungeon (4/15)
 Temple: D:4-7

Altars:
Ru
Yredelemnul

Shops:
D:3 *


Message History

The black bear barely misses you. The black bear claws you.
The black bear bites you but does no damage.
The black bear closely misses you.
The black bear claws you but does no damage.
You slash the black bear!
You kill the black bear!
You have reached level 6!
You start resting.
You open the door.
A steam dragon and a scorpion come into view.
The steam dragon hisses angrily.
You closely miss the scorpion. The scorpion closely misses you.
You block the scorpion's attack.
You slash the scorpion! You block the scorpion's attack.
You closely miss the scorpion.
The scorpion stings you but does no damage.
You hit the scorpion. The scorpion closely misses you.
The scorpion stings you but does no damage.
You closely miss the scorpion.
The scorpion stings you but does no damage.
You slash the scorpion!
You kill the scorpion!
The steam dragon breathes steam at you. The ball of steam hits you!!
Your Fighting skill increases to level 5!
Your Axes skill increases to level 8!
You are engulfed in a cloud of scalding steam.
The steam dragon bites you. You block the steam dragon's attack.
You see here a scorpion corpse.
You barely miss the steam dragon.
You are engulfed in a cloud of scalding steam.
* * * LOW HITPOINT WARNING * * *
The steam dragon bites you.
* * * LOW HITPOINT WARNING * * *
The steam dragon misses you.
You closely miss the steam dragon.
You are engulfed in a cloud of scalding steam.
* * * LOW HITPOINT WARNING * * *
The steam dragon bites you.
You die...

## ... .... .....
......###########
......'......D@.#
......#########ยง#
..... #.## ####
#..# #.# ##.# #.#
#.# #.# #.## #.#
#..# #.# ##.# #.#


You could see a steam dragon (catching breath).

Vanquished Creatures
  A black bear (D:4)
  A scorpion (D:4)
  A hound (D:4)
  A jelly (D:4)
  A scorpion zombie (D:3)
  4 adders
  3 adder zombies (D:3)
  A dart slug (D:3)
  7 endoplasms
  4 giant cockroaches
  8 hobgoblins
  4 jackals (D:1)
  9 kobolds
  3 quokkas
  4 ball pythons
  2 bats
  4 frilled lizards
  5 goblins
  4 rats
67 creatures vanquished.

Vanquished Creatures (others)
  A plant (D:2)
1 creature vanquished.

Grand Total: 68 creatures vanquished

Notes
Turn   | Place    | Note
-------+----------+-------------------------------------------
     0 | D:1      | ILmort the Hill Orc Fighter began the quest for the Orb.
     0 | D:1      | Reached XP level 1. HP: 19/19 MP: 1/1
    37 | D:1      | Reached skill level 3 in Axes
   129 | D:1      | Reached XP level 2. HP: 25/26 MP: 2/2
   172 | D:1      | Reached skill level 4 in Axes
   781 | D:1      | Reached XP level 3. HP: 26/31 MP: 3/3
   883 | D:2      | Found a faded altar of an unknown god.
  1038 | D:2      | Reached skill level 5 in Axes
  1536 | D:2      | Found a sacrificial altar of Ru.
  1797 | D:3      | Reached XP level 4. HP: 39/39 MP: 4/4
  1967 | D:3      | Reached skill level 6 in Axes
  2075 | D:3      | Found Hodiorch's General Store.
  2091 | D:3      | Bought a scroll of identify for 26 gold pieces
  2176 | D:3      | Found a basalt altar of Yredelemnul.
  2193 | D:3      | Reached XP level 5. HP: 33/45 MP: 5/5
  2840 | D:4      | Reached skill level 7 in Axes
  3045 | D:4      | Noticed a black bear
  3060 | D:4      | Killed a black bear
  3061 | D:4      | Reached XP level 6. HP: 34/55 MP: 6/6
  3216 | D:4      | Noticed a steam dragon
  3231 | D:4      | Reached skill level 5 in Fighting
  3231 | D:4      | Reached skill level 8 in Axes
  3233 | D:4      | Slain by a steam dragon

Illustrated notes

Levels and vault maps discovered:
D:1:      dpeg_arrival_arbitrary_c, layout_basic
D:2:      cheibrodos_old_hovel, layout_rooms,
          shapermc_ecumenical_altar_totnotflames, basic_altar, solitary_fountain
D:3:      layout_basic, nicolae_yredelemnul_corpse_copse, serial_shops,
          nicolae_lakefront_shop, hex_large
D:4:      layout_basic, lemuel_coloured_pillars_altar, uniq_menkaure

Skill      XL: |  1  2  3  4  5  6 |
---------------+-------------------+-----
Axes           | 3 4 5 6 7 8 |  8.0
Fighting       | 4 5 |  5.1
Armour         | |  3.2
Shields        | |  3.2

Action                   |  1- 3 |  4- 6 || total
-------------------------+-------+-------++-------
Melee: War axe           |   114 |    98 ||   212
  Use: Scroll            |       |     5 ||     5
Armor: Scale mail        |    53 |    56 ||   109
Dodge: Dodged            |    59 |    59 ||   118
Block: Buckler           |    34 |    17 ||    51
